 Dungeon Crawl Stone Soup version 0.30.1-3-gfc49f6343a (webtiles) character file.

Game seed: 718859029492142060

700 spardeous the Magician (level 7, -8/51 HPs)
             Began as a Demigod Earth Elementalist on July 22, 2023.
             Mangled by a gnoll
             ... wielding a +0 halberd
              (11 damage)
             ... on level 4 of the Dungeon.
             The game lasted 00:04:06 (3158 turns).

spardeous the Magician (Demigod Earth Elementalist) Turns: 3158, Time: 00:04:07

Health: -8/51      AC:  5    Str:  9    XL:     7   Next: 15%
Magic:  10/19      EV: 11    Int: 25    God:
Gold:   224        SH:  3    Dex: 14    Spells: 13/17 levels left

rFire   . . .        (no weapon)
rCold   . . .        j - +0 buckler
rNeg    . . .        q - +0 leather armour
rPois   .            l - +0 helmet
rElec   .            (no cloak)
rCorr   +            r - +0 pair of gloves
SInv    .            (no boots)
Will    .....        (no amulet)
Stlth   ++           c - ring of resist corrosion
HPRegen 0.28/turn    (no ring)
MPRegen 0.16/turn

%: no passive effects
@: no status effects
A: high MP 1, forlorn, divine attributes
a: no special abilities


You were on level 4 of the Dungeon.
You visited 1 branch of the dungeon, and saw 4 of its levels.

You collected 224 gold pieces.

Inventory:

Armour
 a - a +0 robe
 j - a +0 buckler (worn)
 l - a +0 helmet (worn)
 q - a +0 leather armour (worn)
 r - a +0 pair of gloves (worn)
Jewellery
 c - a ring of resist corrosion (left hand)
 m - a ring of positive energy
 t - a +4 ring of protection
Wands
 o - a wand of polymorph (13)
Scrolls
 d - 2 scrolls of identify {unknown}
 e - a scroll of butterflies {unknown}
 h - 2 scrolls of teleportation {unknown}
 i - a scroll of brand weapon {unknown}
 n - a scroll of enchant armour {unknown}
 p - 2 scrolls of enchant weapon {unknown}
Potions
 b - 2 potions of magic
 f - a potion of invisibility {unknown}
 g - a potion of curing {unknown}
 k - 2 potions of attraction {unknown}
 s - a potion of haste {unknown}


   Skills:
 + Level 0.8 Fighting
 - Level 1.7 Dodging
 - Level 1.7 Stealth
 + Level 5.7 Spellcasting
 - Level 0.8 Transmutations
 - Level 5.1 Earth Magic


You had 13 spell levels left.
You knew the following spells:

 Your Spells              Type           Power      Damage    Failure   Level
a - Sandblast             Erth           64%        2d14      1%          1
b - Stone Arrow           Conj/Erth      38%        3d9       19%         3

Your spell library contained the following spells:

 Spells                   Type           Power      Damage    Failure   Level
 Passwall                 Tmut/Erth      18%        N/A       8%          2
 Freeze                   Ice            28%        1d5       17%         1
 Frozen Ramparts          Ice            14%        1d3       45%         3
 Hailstorm                Conj/Ice       7%         3d4       45%         3
 Petrify                  Tmut/Erth      22%        N/A       45%         4


Dungeon Overview and Level Annotations

Branches:
Dungeon (4/15)
 Temple: D:4-7

Annotations:
D:3 1 runed translucent door, Crazy Yiuf


Innate Abilities, Weirdness & Mutations

You have an increased reservoir of magic. (+10% MP)
You shall have no god before yourself.
Your divine heritage dramatically boosts your attributes as you level up.


Message History

You take 9 damage, and have 24/51 hp.
You now have 13/19 mp.
Casting: Sandblast (safe; 1% risk of failure)
Confirm with . or Enter, or press ? or * to list all spells.
Aiming: Sandblast (safe; 1% risk of failure)
Press: ? - help, Shift-Dir - straight line, f - gnoll
Aim: a gnoll, wielding a +0 halberd (86% to hit)
The blast of sand misses the gnoll.
The gnoll hits you from afar with a +0 halberd!
* * * LOW HITPOINT WARNING * * *
You take 7 damage, and have 17/51 hp.
You now have 12/19 mp.
Casting: Sandblast (safe; 1% risk of failure)
Confirm with . or Enter, or press ? or * to list all spells.
Aiming: Sandblast (safe; 1% risk of failure)
Press: ? - help, Shift-Dir - straight line, f/p - gnoll
Aim: a gnoll, wielding a +0 halberd (86% to hit)
The blast of sand hits the gnoll!
The gnoll is severely wounded.
The gnoll barely misses you.
The gnoll hits you from afar with a +0 halberd.
* * * LOW HITPOINT WARNING * * *
You take 3 damage, and have 14/51 hp.
You now have 11/19 mp.
Casting: Sandblast (safe; 1% risk of failure)
Confirm with . or Enter, or press ? or * to list all spells.
Aiming: Sandblast (safe; 1% risk of failure)
Press: ? - help, Shift-Dir - straight line, f/p - gnoll
Aim: a gnoll, wielding a +0 halberd (severely wounded, 86% to hit)
The blast of sand misses the gnoll.
The gnoll hits you from afar with a +0 halberd!
* * * LOW HITPOINT WARNING * * *
You take 11 damage, and have 3/51 hp.
MASSIVE DAMAGE!!
Casting: Sandblast (safe; 1% risk of failure)
Confirm with . or Enter, or press ? or * to list all spells.
Aiming: Sandblast (safe; 1% risk of failure)
Press: ? - help, Shift-Dir - straight line, f/p - gnoll
Aim: a gnoll, wielding a +0 halberd (severely wounded, 86% to hit)
The blast of sand hits the gnoll.
The gnoll is almost dead.
The gnoll closely misses you.
The gnoll hits you from afar with a +0 halberd!
You die...

.#....♣...#### ##...#
...♣.....###.###..†.###.
.......#.#...#..##........
..#.#....$......#.........
.....♣...♣...............
...♣....#............###.
♣.....♣.)g.#..##......##
..#.#...#).........##..###
......#@#........##....#
.....##..........##.....
..... #...).....>.......
>... ..#.#.†.###.......
.... ..#...... ###.....
..####....## ##.... ..
#......##..#.# ...
............##
......###....##


You could see a gnoll.

Vanquished Creatures
  Grinder (D:3)
  Sigmund (D:3)
  An ogre (D:4)
  An orc priest (D:3)
  Jessica (D:2)
  An iguana (D:4)
  2 orc wizards (D:3)
  2 gnolls (D:4)
  3 adders
  A worm (D:3)
  2 dart slugs (D:4)
  12 orcs
  4 bats (D:2)
  7 endoplasms
  3 giant cockroaches
  6 goblins
  3 hobgoblins
  4 jackals (D:2)
  3 kobolds
  2 quokkas
  3 ball pythons
  3 frilled lizards
  5 rats
71 creatures vanquished.

Notes
Turn   | Place    | Note
-------+----------+-------------------------------------------
     0 | D:1      | spardeous the Demigod Earth Elementalist began the quest
                  | for the Orb.
     0 | D:1      | Reached XP level 1. HP: 14/14 MP: 5/5
   258 | D:1      | Reached XP level 2. HP: 20/20 MP: 5/7
  1155 | D:2      | Noticed Jessica
  1160 | D:2      | Killed Jessica
  1161 | D:2      | Reached XP level 3. HP: 26/26 MP: 5/8
  1660 | D:3      | Noticed Sigmund
  1905 | D:3      | Reached XP level 4. HP: 33/33 MP: 7/9
  2151 | D:3      | Reached skill level 5 in Earth Magic
  2302 | D:3      | Killed Sigmund
  2303 | D:3      | Reached XP level 5. HP: 25/38 MP: 4/13
  2518 | D:3      | Reached XP level 6. HP: 30/45 MP: 8/15
  2654 | D:3      | Noticed Grinder
  2667 | D:3      | Killed Grinder
  2668 | D:3      | Reached skill level 5 in Spellcasting
  2773 | D:3      | Found a runed translucent door.
  2774 | D:3      | Noticed Crazy Yiuf
  2851 | D:3      | Learned a level 3 spell: Stone Arrow
  2935 | D:4      | Reached XP level 7. HP: 49/50 MP: 14/18
  3158 | D:4      | Mangled by a gnoll

Illustrated notes

Levels and vault maps discovered:
D:1:      amcnicky_arrival_double_pillar, layout_rooms
D:2:      layout_basic, kennysheep_generic_room_12, uniq_jessica
D:3:      layout_loops_ring, kennysheep_orc_chapel, uniq_grinder,
          uniq_crazy_yiuf_cottage, uniq_sigmund
D:4:      layout_cave_pools, kennysheep_little_box,
          nicolae_qazlal_scattered_showers, nicolae_kite_square_tiling_tiny

Skill      XL: |  1  2  3  4  5  6 |
---------------+-------------------+-----
Earth Magic    | 3 4 5 |  5.1
Spellcasting   | 3 4 5 |  5.7
Fighting       | |  0.8
Dodging        | |  1.7
Stealth        | |  1.7
Transmutations | |  0.8

Action                     |  1- 3 |  4- 6 |  7- 9 || total
---------------------------+-------+-------+-------++-------
  Melee: Unarmed           |     8 |     1 |       ||     9
   Cast: Sandblast         |    62 |    44 |    26 ||   132
 Armour: Robe              |    17 |       |       ||    17
         Leather armour    |       |       |     2 ||     2
  Dodge: Dodged            |    26 |    10 |    19 ||    55
  Block: Buckler           |     5 |     3 |     3 ||    11
